Washington Capitals vs Pittsburgh Penguins
Created - Saturday, March 25, 2023 at 08:48
Goals
|
| Washington Capitals |
2 |
3 |
3 |
8 |
| Pittsburgh Penguins |
0 |
1 |
0 |
1 |
|
Shots
|
| Washington Capitals |
3 |
17 |
20 |
40 |
| Pittsburgh Penguins |
18 |
12 |
12 |
42 |
|
1st period
1. Washington Capitals , Brayden Point 4 (Isac Lundestrom 1, Fabian Zetterlund 3) at 16:36
2. Washington Capitals , Jordan Kyrou 2 (Nikita Zaitsev 3) at 18:48
Penalties :
No Penalty
2nd period
3. Washington Capitals , Alex Ovechkin 7 (Brayden Point 8, Nick Jensen 2) at 1:55
4. Washington Capitals , Brad Marchand 8 (Jason Robertson 6, Nico Hischier 4) at 9:38
5. Washington Capitals , Jason Robertson 2 (Brad Marchand 4, Nico Hischier 5) at 13:23
6. Pittsburgh Penguins , Ryan Johansen 3 (Blake Coleman 1, Reilly Smith 2) at 19:45
Penalties :
Erik Gudbranson (PIT) for Tripping (Minor) at 3:55, Vitek Vanecek (WSH) for Slashing (Minor) at 14:06 - Brayden Point served the penalty
3rd period
7. Washington Capitals , Jason Robertson 3 (Brad Marchand 5) at 2:46
8. Washington Capitals , Fabian Zetterlund 2 (John Carlson 4) at 15:16
9. Washington Capitals , Alex Ovechkin 8 (Patrick Kane 8) at 16:09
Penalties :
Ian Cole (WSH) for Interference (Minor) at 10:28
Goalie Stats
Vitek Vanecek (WSH), 41 saves from 42 shots - (0.976), W, 2-0-1, 60:00 minutes
Mike Smith (PIT), 27 saves from 31 shots - (0.871), 30:22 minutes
Jonathan Quick (PIT), 5 saves from 9 shots - (0.556), L, 5-4-0, 29:38 minutes
Players Stats for Washington Capitals
Player Name G A P +/- PIM S H SB GA TA FO MP PP MP PK MP
------------------------------------------------------------------------------------
Alex Ovechkin 2 0 2 2 0 3 1 0 0 1 0/1 21:20 1:03 0:00
Barrett Hayton 0 0 0 1 0 0 2 0 0 0 5/10 12:54 0:56 2:07
Brad Marchand 1 2 3 3 0 7 0 1 0 0 0/0 17:41 0:56 2:07
Brayden Point 1 1 2 2 0 5 1 1 1 2 13/35 21:21 1:03 0:00
Drake Batherson 0 0 0 1 0 1 1 0 0 0 0/0 10:08 0:00 0:00
Dylan DeMelo 0 0 0 4 0 0 0 0 0 0 0/0 12:59 0:00 0:00
Erik Cernak 0 0 0 1 0 1 2 1 0 1 0/0 28:36 1:17 2:27
Fabian Zetterlund 1 1 2 1 0 3 1 0 0 0 0/0 8:53 0:00 0:00
Ian Cole 0 0 0 4 2 0 0 1 0 1 0/0 14:15 0:00 1:11
Isac Lundestrom 0 1 1 1 0 0 1 0 1 0 2/4 8:53 0:00 0:00
Jason Robertson 2 1 3 3 0 5 0 0 2 0 0/1 16:45 0:56 1:04
John Carlson 0 1 1 1 0 2 2 5 0 1 0/0 27:15 1:17 1:06
Jordan Kyrou 1 0 1 1 0 3 1 1 0 0 0/0 11:43 0:00 1:35
Nick Jensen 0 1 1 2 0 0 0 0 0 1 0/0 18:25 0:42 1:31
Nico Hischier 0 2 2 3 0 6 0 1 0 0 9/14 16:05 0:00 1:03
Nikita Zaitsev 0 1 1 2 0 0 1 0 0 0 0/0 18:35 0:42 1:41
Owen Tippett 0 0 0 1 0 0 0 0 0 0 0/0 8:53 0:00 0:00
Patrick Kane 0 1 1 2 0 4 1 1 1 2 0/1 21:20 1:03 0:00
Players Stats for Pittsburgh Penguins
Player Name G A P +/- PIM S H SB GA TA FO MP PP MP PK MP
------------------------------------------------------------------------------------
Anton Stralman 0 0 0 -2 0 2 1 2 0 1 0/0 19:30 1:53 0:33
Blake Coleman 0 1 1 -1 0 1 3 0 0 0 0/0 10:51 0:00 0:00
Chris Tanev 0 0 0 0 0 0 1 0 0 0 0/0 11:25 0:00 0:17
Colton Sissons 0 0 0 0 0 3 1 1 1 0 0/1 8:20 0:00 0:00
Erik Gudbranson 0 0 0 0 2 0 3 0 0 1 1/1 8:25 0:00 0:00
Erik Karlsson 0 0 0 -5 0 2 0 4 2 1 0/0 29:05 2:05 1:09
Jean-Gabriel Pageau 0 0 0 -4 0 2 2 0 0 0 5/14 16:06 0:00 0:18
Jeff Carter 0 0 0 -4 0 1 2 0 0 0 0/0 17:46 1:42 0:33
Jordan Eberle 0 0 0 0 0 0 0 0 0 0 0/1 8:52 0:00 0:26
Leon Draisaitl 0 0 0 -2 0 4 1 1 2 0 23/37 22:38 2:16 1:01
Mattias Ekholm 0 0 0 -5 0 3 3 1 0 1 0/0 29:05 2:05 1:09
Mitch Marner 0 0 0 -2 0 7 2 0 2 0 2/4 22:31 2:16 1:00
Pavel Buchnevich 0 0 0 -4 0 6 1 0 1 0 0/0 17:20 1:42 0:07
Reilly Smith 0 1 1 -1 0 1 4 0 0 0 0/0 10:51 0:00 0:00
Ryan Johansen 1 0 1 -1 0 5 0 0 0 0 3/5 12:16 1:42 0:00
Ryan Suter 0 0 0 -2 0 2 1 6 1 0 0/0 19:30 1:53 0:33
Sam Reinhart 0 0 0 -2 0 3 0 1 0 0 3/3 22:04 2:16 0:33
T.J. Brodie 0 0 0 0 0 0 0 0 0 1 0/0 11:25 0:00 0:17
3 Stars
1 - Jason Robertson (WSH)
2 - Vitek Vanecek (WSH)
3 - Brad Marchand (WSH)
Power Play
Washington Capitals - 0 on 1 Attempt(s) - 0.00%
Pittsburgh Penguins - 0 on 2 Attempt(s) - 0.00%
Penalty Kill
Washington Capitals - 2 on 2 Attempt(s) - 100.00%
- Score 0 goal in Penalty Kill
Pittsburgh Penguins - 1 on 1 Attempt(s) - 100.00%
- Score 0 goal in Penalty Kill
Team Stat
Washington Capitals - Hits : 14 - Faceoff Wins : 29 - Blocked Shots : 12 - Penalty Minutes : 4
Pittsburgh Penguins - Hits : 25 - Faceoff Wins : 37 - Blocked Shots : 16 - Penalty Minutes : 2
Official
Referees : Greg Kimmerly and Mike Leggo
Linesman : Tony Sericolo and Shane Heyer
Game Notes
8:47 of 2nd period - Pittsburgh Penguins goal is going for a video replay. After video review, No Goal. The referee deems the play has been stopped, even if he had not physically had the opportunity to stop play by blowing his whistle.
Mike Smith enters game at 9:38 of 2nd period
Finance
Level 1 -- Attendance: 4853 (80.88%) -- Ticket Income $485,300
Level 2 -- Attendance: 3553 (71.06%) -- Ticket Income $213,180
Level 3 -- Attendance: 2970 (99.00%) -- Ticket Income $103,950
Level 4 -- Attendance: 4198 (83.96%) -- Ticket Income $104,950
Luxury Box -- Attendance: 815 (81.50%) -- Ticket Income $163,000
Game was played at the Consol Energy Center.
Total Attendance: 16389 (81.95%)
Total Ticket Income: $1,070,380
Other Income: $374,633
Total Income: $1,445,013
Washington Capitals
5 vs 5 Forward
Center Left Wing Right Wing Time % Phy DF OF
1 Brayden Point Alex Ovechkin Patrick Kane 40 1 2 2
2 Nico Hischier Brad Marchand Jason Robertson 30 1 2 2
3 Barrett Hayton Jordan Kyrou Drake Batherson 20 1 2 2
4 Isac Lundestrom Owen Tippett Fabian Zetterlund 10 1 2 2
5 vs 5 Defense
Defense Defense Time % Phy DF OF
1 John Carlson Erik Cernak 40 1 2 2
2 Nick Jensen Nikita Zaitsev 30 1 2 2
3 Dylan DeMelo Ian Cole 20 1 2 2
4 Erik Cernak John Carlson 10 1 2 2
PowerPlay Forward
Center Left Wing Right Wing Time % Phy DF OF
1 Brayden Point Alex Ovechkin Patrick Kane 60 1 2 2
2 Barrett Hayton Brad Marchand Jason Robertson 40 1 2 2
PowerPlay Defense
Defense Defense Time % Phy DF OF
1 John Carlson Erik Cernak 60 1 2 2
2 Nick Jensen Nikita Zaitsev 40 1 2 2
Penalty Kill 4 Players Forward
Center Wing Time % Phy DF OF
1 Barrett Hayton Brad Marchand 60 1 2 2
2 Isac Lundestrom Barrett Hayton 40 1 2 2
Penalty Kill 4 Players Defense
Defense Defense Time % Phy DF OF
1 Erik Cernak Ian Cole 60 1 2 2
2 Nick Jensen Nikita Zaitsev 40 1 2 2
Penalty Kill - 3 Players Forward
Forward Time % Phy DF OF
1 Isac Lundestrom 60 1 2 2
2 Barrett Hayton 40 1 2 2
Penalty Kill - 3 Players Defense
Defense Defense Time % Phy DF OF
1 Erik Cernak Ian Cole 60 1 2 2
2 Nick Jensen Nikita Zaitsev 40 1 2 2
4 vs 4 Forward
Center Wing Time % Phy DF OF
1 Brayden Point Alex Ovechkin 60 1 2 2
2 Barrett Hayton Patrick Kane 40 1 2 2
4 vs 4 Defense
Defense Defense Time % Phy DF OF
1 John Carlson Erik Cernak 60 1 2 2
2 Nick Jensen Nikita Zaitsev 40 1 2 2
Last Minutes Offensive
Center Left Wing Right Wing Defense Defense
Brayden Point Alex Ovechkin Patrick Kane John Carlson Erik Cernak
Last Minutes Defensive
Center Left Wing Right Wing Defense Defense
Barrett Hayton Brad Marchand Jordan Kyrou John Carlson Erik Cernak
Goaltenders
Starting : Vitek Vanecek
Backup : Jake Oettinger
Extra Forwards
Normal : Jason Robertson, Drake Batherson, Jordan Kyrou - PP : Isac Lundestrom, Drake Batherson - PK : Jordan Kyrou
Extra Defensemen
Normal : Nick Jensen, Dylan DeMelo, Ian Cole - PP : Nick Jensen - PK : John Carlson, Ian Cole
Penalty Shots
Barrett Hayton, John Carlson, Patrick Kane, Brayden Point, Jason Robertson
Pittsburgh Penguins
5 vs 5 Forward
Center Left Wing Right Wing Time % Phy DF OF
1 Leon Draisaitl Mitch Marner Sam Reinhart 40 1 2 2
2 Jean-Gabriel Pageau Pavel Buchnevich Jeff Carter 30 1 2 2
3 Ryan Johansen Blake Coleman Reilly Smith 20 1 2 2
4 Colton Sissons Erik Gudbranson Jordan Eberle 10 1 2 2
5 vs 5 Defense
Defense Defense Time % Phy DF OF
1 Erik Karlsson Mattias Ekholm 40 1 2 2
2 Ryan Suter Anton Stralman 30 1 2 2
3 Chris Tanev T.J. Brodie 20 1 2 2
4 Erik Karlsson Mattias Ekholm 10 1 2 2
PowerPlay Forward
Center Left Wing Right Wing Time % Phy DF OF
1 Leon Draisaitl Mitch Marner Sam Reinhart 60 1 2 2
2 Jeff Carter Pavel Buchnevich Ryan Johansen 40 1 2 2
PowerPlay Defense
Defense Defense Time % Phy DF OF
1 Erik Karlsson Mattias Ekholm 60 1 2 2
2 Ryan Suter Anton Stralman 40 1 2 2
Penalty Kill 4 Players Forward
Center Wing Time % Phy DF OF
1 Leon Draisaitl Mitch Marner 60 1 2 2
2 Sam Reinhart Jeff Carter 40 1 2 2
Penalty Kill 4 Players Defense
Defense Defense Time % Phy DF OF
1 Erik Karlsson Mattias Ekholm 60 1 2 2
2 Ryan Suter Anton Stralman 40 1 2 2
Penalty Kill - 3 Players Forward
Forward Time % Phy DF OF
1 Leon Draisaitl 60 1 2 2
2 Mitch Marner 40 1 2 2
Penalty Kill - 3 Players Defense
Defense Defense Time % Phy DF OF
1 Erik Karlsson Mattias Ekholm 60 1 2 2
2 Ryan Suter Anton Stralman 40 1 2 2
4 vs 4 Forward
Center Wing Time % Phy DF OF
1 Leon Draisaitl Mitch Marner 60 1 2 2
2 Sam Reinhart Jeff Carter 40 1 2 2
4 vs 4 Defense
Defense Defense Time % Phy DF OF
1 Erik Karlsson Mattias Ekholm 60 1 2 2
2 Ryan Suter Anton Stralman 40 1 2 2
Last Minutes Offensive
Center Left Wing Right Wing Defense Defense
Leon Draisaitl Mitch Marner Sam Reinhart Erik Karlsson Mattias Ekholm
Last Minutes Defensive
Center Left Wing Right Wing Defense Defense
Leon Draisaitl Mitch Marner Sam Reinhart Erik Karlsson Mattias Ekholm
Goaltenders
Starting : Jonathan Quick
Backup : Mike Smith
Extra Forwards
Normal : Jean-Gabriel Pageau, Reilly Smith, Jordan Eberle - PP : Jean-Gabriel Pageau, Reilly Smith - PK : Jordan Eberle
Extra Defensemen
Normal : Chris Tanev, T.J. Brodie, Erik Gudbranson - PP : Chris Tanev - PK : T.J. Brodie, Erik Gudbranson
Penalty Shots
Leon Draisaitl, Mitch Marner, Sam Reinhart, Jeff Carter, Ryan Johansen
% Time on Ice - Washington Capitals
Lines # - Real PCT - Wanted PCT - Time Play
Normal Forward
1 - 38% - 40% - 20:24
2 - 27% - 30% - 14:38
3 - 19% - 20% - 10:08
4 - 16% - 10% - 8:53
Normal Defense
1 - 39% - 40% - 21:18
2 - 30% - 30% - 16:12
3 - 24% - 20% - 12:59
4 - 7% - 10% - 3:34
PP Forward
1 - 53% - 60% - 1:03
2 - 47% - 40% - 0:56
PP Defense
1 - 65% - 60% - 1:17
2 - 35% - 40% - 0:42
PK Forward
1 - 100% - 60% - 3:58
2 - 0% - 40% - 0:00
PK Defense
1 - 62% - 60% - 2:27
2 - 38% - 40% - 1:31
PK3 Forward
1 - 0% - 60%
2 - 0% - 40%
PK3 Defense
1 - 0% - 60%
2 - 0% - 40%
44 Forward
1 - 0% - 60%
2 - 0% - 40%
44 Defense
1 - 0% - 60%
2 - 0% - 40%
Last Minute Offensive - 0:00
Last Minute Defensive - 0:00
Total
Forward - 60:00
Defense - 60:00
|
% Time on Ice - Pittsburgh Penguins
Lines # - Real PCT - Wanted PCT - Time Play
Normal Forward
1 - 36% - 40% - 19:21
2 - 29% - 30% - 15:31
3 - 20% - 20% - 10:51
4 - 15% - 10% - 8:20
Normal Defense
1 - 39% - 40% - 21:17
2 - 32% - 30% - 17:04
3 - 20% - 20% - 11:02
4 - 9% - 10% - 4:40
PP Forward
1 - 57% - 60% - 2:16
2 - 43% - 40% - 1:42
PP Defense
1 - 53% - 60% - 2:05
2 - 47% - 40% - 1:53
PK Forward
1 - 72% - 60% - 1:26
2 - 28% - 40% - 0:33
PK Defense
1 - 72% - 60% - 1:26
2 - 28% - 40% - 0:33
PK3 Forward
1 - 0% - 60%
2 - 0% - 40%
PK3 Defense
1 - 0% - 60%
2 - 0% - 40%
44 Forward
1 - 0% - 60%
2 - 0% - 40%
44 Defense
1 - 0% - 60%
2 - 0% - 40%
Last Minute Offensive - 0:00
Last Minute Defensive - 0:00
Total
Forward - 60:00
Defense - 60:00
|
Play-by-Play
1st period
0:01 of 1st period - Leon Draisaitl wins face-off versus Brayden Point in neutral zone.
0:08 of 1st period - Snap shot by Mitch Marner.
0:08 of 1st period - Stopped by Vitek Vanecek without a rebound.
0:09 of 1st period - Leon Draisaitl wins face-off versus Brayden Point in Washington Capitals zone.
0:12 of 1st period - Wrist shot by Mitch Marner.
0:12 of 1st period - Stopped by Vitek Vanecek with a rebound.
0:20 of 1st period - Snap shot by Mitch Marner.
0:20 of 1st period - Shot Misses the Net.
0:28 of 1st period - Wrist shot by Leon Draisaitl.
0:28 of 1st period - Stopped by Vitek Vanecek without a rebound.
0:29 of 1st period - Jean-Gabriel Pageau wins face-off versus Nico Hischier in Washington Capitals zone.
0:36 of 1st period - Wrist shot by Pavel Buchnevich.
0:36 of 1st period - Shot Blocked by Brad Marchand.
0:56 of 1st period - Anton Stralman is hit by Jordan Kyrou.
1:09 of 1st period - Off-side.
1:10 of 1st period - Erik Gudbranson wins face-off versus Isac Lundestrom in neutral zone.
1:19 of 1st period - Snap shot by Colton Sissons.
1:19 of 1st period - Shot Blocked by Erik Cernak.
1:35 of 1st period - Chris Tanev is hit by Patrick Kane and loses puck.
1:57 of 1st period - Off-side.
1:58 of 1st period - Nico Hischier wins face-off versus Jean-Gabriel Pageau in neutral zone.
2:31 of 1st period - Snap shot by Pavel Buchnevich.
2:31 of 1st period - Deflect By Jean-Gabriel Pageau.
2:31 of 1st period - Stopped by Vitek Vanecek without a rebound.
2:32 of 1st period - Ryan Johansen wins face-off versus Barrett Hayton in Washington Capitals zone.
2:33 of 1st period - Wrist shot by Reilly Smith.
2:33 of 1st period - Shot Blocked by Jordan Kyrou.
2:35 of 1st period - Slapshot by Ryan Suter.
2:35 of 1st period - Shot Misses the Net.
2:37 of 1st period - Snap shot by Ryan Johansen.
2:37 of 1st period - Stopped by Vitek Vanecek without a rebound.
2:38 of 1st period - Ryan Johansen wins face-off versus Barrett Hayton in Washington Capitals zone.
2:54 of 1st period - Off-side.
2:55 of 1st period - Leon Draisaitl wins face-off versus Patrick Kane in neutral zone.
2:58 of 1st period - Snap shot by Leon Draisaitl.
2:58 of 1st period - Stopped by Vitek Vanecek with a rebound.
3:12 of 1st period - Snap shot by Mitch Marner.
3:12 of 1st period - Stopped by Vitek Vanecek with a rebound.
3:24 of 1st period - Wrist shot by Drake Batherson.
3:24 of 1st period - Shot Blocked by Erik Karlsson.
3:30 of 1st period - Slapshot by Jordan Eberle.
3:30 of 1st period - Shot Blocked by John Carlson.
3:32 of 1st period - Slapshot by Erik Karlsson.
3:32 of 1st period - Stopped by Vitek Vanecek with a rebound.
4:17 of 1st period - Nico Hischier is hit by Reilly Smith and loses puck.
4:50 of 1st period - Nick Jensen is hit by Erik Gudbranson and loses puck.
5:41 of 1st period - Wrist shot by Ryan Johansen.
5:41 of 1st period - Stopped by Vitek Vanecek without a rebound.
5:42 of 1st period - Mitch Marner wins face-off versus Brayden Point in Washington Capitals zone.
5:53 of 1st period - Wrist shot by Mitch Marner.
5:53 of 1st period - Stopped by Vitek Vanecek with a rebound.
5:59 of 1st period - Wrist shot by Leon Draisaitl.
5:59 of 1st period - Shot Misses the Net.
6:15 of 1st period - Snap shot by Jean-Gabriel Pageau.
6:15 of 1st period - Shot Misses the Net.
6:17 of 1st period - Snap shot by Jean-Gabriel Pageau.
6:17 of 1st period - Deflect By Pavel Buchnevich.
6:17 of 1st period - Stopped by Vitek Vanecek with a rebound.
6:19 of 1st period - Slapshot by Anton Stralman.
6:19 of 1st period - Stopped by Vitek Vanecek without a rebound.
6:20 of 1st period - Jean-Gabriel Pageau wins face-off versus Barrett Hayton in Washington Capitals zone.
6:21 of 1st period - Wrist shot by Pavel Buchnevich.
6:21 of 1st period - Stopped by Vitek Vanecek without a rebound.
6:22 of 1st period - Jean-Gabriel Pageau wins face-off versus Barrett Hayton in Washington Capitals zone.
7:23 of 1st period - Dylan DeMelo is hit by Blake Coleman and loses puck.
7:56 of 1st period - Ian Cole is hit by Jeff Carter and loses puck.
8:05 of 1st period - Snap shot by Pavel Buchnevich.
8:05 of 1st period - Shot Blocked by Ian Cole.
9:49 of 1st period - Wrist shot by Brad Marchand.
9:49 of 1st period - Shot Blocked by Erik Karlsson.
9:53 of 1st period - Snap shot by Brad Marchand.
9:53 of 1st period - Shot Blocked by Leon Draisaitl.
10:05 of 1st period - Slapshot by Ryan Johansen.
10:05 of 1st period - Stopped by Vitek Vanecek without a rebound.
10:06 of 1st period - Brayden Point wins face-off versus Ryan Johansen in Washington Capitals zone.
10:06 of 1st period - Brayden Point is hit by Reilly Smith.
10:12 of 1st period - Patrick Kane is hit by Reilly Smith and loses puck.
10:17 of 1st period - Slapshot by Ryan Johansen.
10:17 of 1st period - Stopped by Vitek Vanecek with a rebound.
10:19 of 1st period - Snap shot by Anton Stralman.
10:19 of 1st period - Stopped by Vitek Vanecek with a rebound.
10:21 of 1st period - Slapshot by Ryan Suter.
10:21 of 1st period - Stopped by Vitek Vanecek with a rebound.
11:17 of 1st period - Wrist shot by Brad Marchand.
11:17 of 1st period - Shot Blocked by Colton Sissons.
11:39 of 1st period - Nikita Zaitsev is hit by Reilly Smith and loses puck.
11:44 of 1st period - Wrist shot by Ryan Johansen.
11:44 of 1st period - Shot Misses the Net.
11:46 of 1st period - Wrist shot by Reilly Smith.
11:46 of 1st period - Shot Hit the Post.
11:48 of 1st period - Slapshot by Ryan Suter.
11:48 of 1st period - Stopped by Vitek Vanecek without a rebound.
11:49 of 1st period - Leon Draisaitl wins face-off versus Nico Hischier in Washington Capitals zone.
12:37 of 1st period - Slapshot by Jordan Kyrou.
12:37 of 1st period - Deflect By Isac Lundestrom.
12:37 of 1st period - Shot Misses the Net.
12:37 of 1st period - Puck is out of play.
12:38 of 1st period - Ryan Johansen wins face-off versus Isac Lundestrom in Pittsburgh Penguins zone.
12:38 of 1st period - Ryan Johansen is hit by Isac Lundestrom.
13:25 of 1st period - Nico Hischier is hit by Mattias Ekholm and loses puck.
13:55 of 1st period - Snap shot by Jordan Kyrou.
13:55 of 1st period - Shot Misses the Net.
13:57 of 1st period - Wrist shot by Barrett Hayton.
13:57 of 1st period - Shot Blocked by Anton Stralman.
13:59 of 1st period - Backhand shot by Barrett Hayton.
13:59 of 1st period - Shot Blocked by Ryan Suter.
14:28 of 1st period - Wrist shot by Leon Draisaitl.
14:28 of 1st period - Shot Misses the Net.
14:30 of 1st period - Slapshot by Leon Draisaitl.
14:30 of 1st period - Shot Misses the Net.
14:35 of 1st period - Icing by Alex Ovechkin.
14:36 of 1st period - Leon Draisaitl wins face-off versus Brayden Point in Washington Capitals zone.
15:13 of 1st period - Wrist shot by Jean-Gabriel Pageau.
15:13 of 1st period - Shot Blocked by Nico Hischier.
15:55 of 1st period - Ian Cole is hit by Mattias Ekholm and loses puck.
16:24 of 1st period - Slapshot by Owen Tippett.
16:24 of 1st period - Shot Misses the Net.
16:36 of 1st period - Slapshot by Isac Lundestrom.
16:36 of 1st period - Deflect By Brayden Point.
16:36 of 1st period - Goal by Brayden Point - Washington Capitals : 1 - Pittsburgh Penguins : 0.
16:37 of 1st period - Brayden Point wins face-off versus Leon Draisaitl in neutral zone.
16:40 of 1st period - Wrist shot by Patrick Kane.
16:40 of 1st period - Shot Blocked by Mattias Ekholm.
16:42 of 1st period - Slapshot by Brayden Point.
16:42 of 1st period - Shot Misses the Net.
17:12 of 1st period - Slapshot by Nico Hischier.
17:12 of 1st period - Deflect By Brad Marchand.
17:12 of 1st period - Stopped by Jonathan Quick with a rebound.
17:20 of 1st period - Nikita Zaitsev is hit by Mattias Ekholm and loses puck.
17:27 of 1st period - Erik Karlsson is hit by Barrett Hayton and loses puck.
18:48 of 1st period - Wrist shot by Jordan Kyrou.
18:48 of 1st period - Goal by Jordan Kyrou - Washington Capitals : 2 - Pittsburgh Penguins : 0.
18:49 of 1st period - Leon Draisaitl wins face-off versus Brayden Point in neutral zone.
19:16 of 1st period - Nico Hischier is hit by Jean-Gabriel Pageau and loses puck.
19:55 of 1st period - Icing by Fabian Zetterlund.
19:56 of 1st period - Isac Lundestrom wins face-off versus Colton Sissons in Washington Capitals zone.
19:56 of 1st period - Isac Lundestrom is hit by Erik Gudbranson.
Goals for this period are 2 for Washington Capitals vs 0 for Pittsburgh Penguins.
Shots for this period are 3 for Washington Capitals vs 18 for Pittsburgh Penguins.
2nd period
0:01 of 2nd period - Brayden Point wins face-off versus Leon Draisaitl in neutral zone.
0:26 of 2nd period - John Carlson is hit by Pavel Buchnevich and loses puck.
0:39 of 2nd period - Jeff Carter is hit by Nikita Zaitsev and loses puck.
0:47 of 2nd period - Off-side.
0:48 of 2nd period - Barrett Hayton wins face-off versus Leon Draisaitl in neutral zone.
1:17 of 2nd period - Wrist shot by Brad Marchand.
1:17 of 2nd period - Shot Blocked by Ryan Suter.
1:23 of 2nd period - Slapshot by Sam Reinhart.
1:23 of 2nd period - Shot Blocked by John Carlson.
1:25 of 2nd period - Snap shot by Sam Reinhart.
1:25 of 2nd period - Stopped by Vitek Vanecek without a rebound.
1:26 of 2nd period - Brayden Point wins face-off versus Jean-Gabriel Pageau in Washington Capitals zone.
1:35 of 2nd period - Wrist shot by Patrick Kane.
1:35 of 2nd period - Shot Misses the Net.
1:55 of 2nd period - Snap shot by Brayden Point.
1:55 of 2nd period - Deflect By Alex Ovechkin.
1:55 of 2nd period - Goal by Alex Ovechkin - Washington Capitals : 3 - Pittsburgh Penguins : 0.
1:56 of 2nd period - Leon Draisaitl wins face-off versus Brayden Point in neutral zone.
2:23 of 2nd period - Mattias Ekholm is hit by Erik Cernak and loses puck.
2:48 of 2nd period - Wrist shot by Brad Marchand.
2:48 of 2nd period - Shot Misses the Net.
2:50 of 2nd period - Slapshot by Erik Cernak.
2:50 of 2nd period - Stopped by Jonathan Quick with a rebound.
2:52 of 2nd period - Slapshot by John Carlson.
2:52 of 2nd period - Stopped by Jonathan Quick with a rebound.
2:54 of 2nd period - Slapshot by John Carlson.
2:54 of 2nd period - Shot Blocked by Ryan Suter.
3:55 of 2nd period - Minor Penalty to Erik Gudbranson for Tripping.
3:56 of 2nd period - Leon Draisaitl wins face-off versus Brayden Point in Pittsburgh Penguins zone.
4:25 of 2nd period - Snap shot by Jason Robertson.
4:25 of 2nd period - Shot Misses the Net.
5:41 of 2nd period - Slapshot by Erik Karlsson.
5:41 of 2nd period - Shot Misses the Net.
5:53 of 2nd period - Brayden Point is hit by Leon Draisaitl and loses puck.
5:55 of 2nd period - Penalty to Erik Gudbranson is over, Erik Gudbranson is back on ice.
6:13 of 2nd period - Ian Cole is hit by Chris Tanev and loses puck.
6:26 of 2nd period - Drake Batherson is hit by Jeff Carter and loses puck.
7:46 of 2nd period - Patrick Kane is hit by Mitch Marner and loses puck.
8:05 of 2nd period - Owen Tippett is hit by Erik Gudbranson.
8:37 of 2nd period - Snap shot by Pavel Buchnevich.
8:37 of 2nd period - Shot Misses the Net.
8:39 of 2nd period - Wrist shot by Jean-Gabriel Pageau.
8:39 of 2nd period - Shot Blocked by John Carlson.
8:41 of 2nd period - Slapshot by Jeff Carter.
8:41 of 2nd period - Shot Misses the Net.
8:43 of 2nd period - Snap shot by Jeff Carter.
8:43 of 2nd period - Shot Misses the Net.
8:45 of 2nd period - Slapshot by Pavel Buchnevich.
8:45 of 2nd period - Shot Misses the Net.
8:47 of 2nd period - Snap shot by Pavel Buchnevich.
8:47 of 2nd period - Pittsburgh Penguins goal is going for a video replay.
8:47 of 2nd period - The goal is refused. The referee deems the play has been stopped, even if he had not physically had the opportunity to stop play by blowing his whistle..
8:48 of 2nd period - Brayden Point wins face-off versus Leon Draisaitl in Washington Capitals zone.
8:57 of 2nd period - Snap shot by Patrick Kane.
8:57 of 2nd period - Stopped by Jonathan Quick with a rebound.
8:59 of 2nd period - Snap shot by Alex Ovechkin.
8:59 of 2nd period - Deflect By Brayden Point.
8:59 of 2nd period - Shot Misses the Net.
8:59 of 2nd period - Puck is out of play.
9:00 of 2nd period - Leon Draisaitl wins face-off versus Brayden Point in Pittsburgh Penguins zone.
9:36 of 2nd period - Wrist shot by Jason Robertson.
9:36 of 2nd period - Stopped by Jonathan Quick with a rebound.
9:38 of 2nd period - Snap shot by Brad Marchand.
9:38 of 2nd period - Goal by Brad Marchand - Washington Capitals : 4 - Pittsburgh Penguins : 0.
9:38 of 2nd period - Mike Smith enters game.
9:39 of 2nd period - Leon Draisaitl wins face-off versus Brayden Point in neutral zone.
9:48 of 2nd period - Leon Draisaitl is hit by Brayden Point and loses puck.
10:29 of 2nd period - Snap shot by Fabian Zetterlund.
10:29 of 2nd period - Stopped by Mike Smith without a rebound.
10:30 of 2nd period - Isac Lundestrom wins face-off versus Leon Draisaitl in Pittsburgh Penguins zone.
10:33 of 2nd period - Snap shot by Fabian Zetterlund.
10:33 of 2nd period - Shot Blocked by Anton Stralman.
10:37 of 2nd period - Wrist shot by Fabian Zetterlund.
10:37 of 2nd period - Stopped by Mike Smith with a rebound.
10:39 of 2nd period - Snap shot by Fabian Zetterlund.
10:39 of 2nd period - Shot Blocked by Ryan Suter.
10:41 of 2nd period - Slapshot by Nikita Zaitsev.
10:41 of 2nd period - Deflect By Isac Lundestrom.
10:41 of 2nd period - Shot Misses the Net.
10:41 of 2nd period - Puck is out of play.
10:42 of 2nd period - Sam Reinhart wins face-off versus Brayden Point in Pittsburgh Penguins zone.
10:47 of 2nd period - Snap shot by Brayden Point.
10:47 of 2nd period - Stopped by Mike Smith with a rebound.
10:57 of 2nd period - Wrist shot by Patrick Kane.
10:57 of 2nd period - Deflect By Brayden Point.
10:57 of 2nd period - Stopped by Mike Smith without a rebound.
10:58 of 2nd period - Nico Hischier wins face-off versus Jean-Gabriel Pageau in Pittsburgh Penguins zone.
11:09 of 2nd period - Slapshot by Erik Karlsson.
11:09 of 2nd period - Shot Blocked by John Carlson.
11:11 of 2nd period - Slapshot by Erik Karlsson.
11:11 of 2nd period - Shot Blocked by John Carlson.
11:13 of 2nd period - Slapshot by Mattias Ekholm.
11:13 of 2nd period - Stopped by Vitek Vanecek with a rebound.
11:15 of 2nd period - Slapshot by Mattias Ekholm.
11:15 of 2nd period - Stopped by Vitek Vanecek without a rebound.
11:16 of 2nd period - Leon Draisaitl wins face-off versus Brayden Point in Washington Capitals zone.
11:49 of 2nd period - Snap shot by Nico Hischier.
11:49 of 2nd period - Stopped by Mike Smith with a rebound.
12:33 of 2nd period - Slapshot by Colton Sissons.
12:33 of 2nd period - Stopped by Vitek Vanecek with a rebound.
12:49 of 2nd period - Slapshot by Nico Hischier.
12:49 of 2nd period - Stopped by Mike Smith without a rebound.
12:50 of 2nd period - Sam Reinhart wins face-off versus Jason Robertson in Pittsburgh Penguins zone.
13:21 of 2nd period - Slapshot by Brad Marchand.
13:21 of 2nd period - Stopped by Mike Smith with a rebound.
13:23 of 2nd period - Wrist shot by Jason Robertson.
13:23 of 2nd period - Goal by Jason Robertson - Washington Capitals : 5 - Pittsburgh Penguins : 0.
13:24 of 2nd period - Brayden Point wins face-off versus Leon Draisaitl in neutral zone.
13:39 of 2nd period - Snap shot by Mitch Marner.
13:39 of 2nd period - Stopped by Vitek Vanecek without a rebound.
13:40 of 2nd period - Nico Hischier wins face-off versus Jean-Gabriel Pageau in Washington Capitals zone.
13:45 of 2nd period - Slapshot by John Carlson.
13:45 of 2nd period - Shot Misses the Net.
13:50 of 2nd period - Off-side.
13:51 of 2nd period - Leon Draisaitl wins face-off versus Brayden Point in neutral zone.
14:06 of 2nd period - Snap shot by Leon Draisaitl.
14:06 of 2nd period - Stopped by Vitek Vanecek without a rebound.
14:06 of 2nd period - Minor Penalty to Vitek Vanecek for Slashing.
14:07 of 2nd period - Barrett Hayton wins face-off versus Leon Draisaitl in Washington Capitals zone.
14:16 of 2nd period - Snap shot by Sam Reinhart.
14:16 of 2nd period - Stopped by Vitek Vanecek with a rebound.
14:18 of 2nd period - Wrist shot by Sam Reinhart.
14:18 of 2nd period - Stopped by Vitek Vanecek without a rebound.
14:19 of 2nd period - Barrett Hayton wins face-off versus Mitch Marner in Washington Capitals zone.
15:20 of 2nd period - Nikita Zaitsev is hit by Anton Stralman and loses puck.
15:35 of 2nd period - Jordan Kyrou is hit by Mitch Marner and loses puck.
16:06 of 2nd period - Penalty to Brayden Point is over, Brayden Point is back on ice.
16:55 of 2nd period - Ian Cole is hit by Blake Coleman and loses puck.
18:16 of 2nd period - Wrist shot by Colton Sissons.
18:16 of 2nd period - Stopped by Vitek Vanecek with a rebound.
18:30 of 2nd period - Wrist shot by Jordan Eberle.
18:30 of 2nd period - Deflect By Jordan Kyrou.
18:30 of 2nd period - Shot Misses the Net.
18:30 of 2nd period - Puck is out of play.
18:31 of 2nd period - Barrett Hayton wins face-off versus Leon Draisaitl in Washington Capitals zone.
18:52 of 2nd period - Snap shot by Jordan Kyrou.
18:52 of 2nd period - Stopped by Mike Smith without a rebound.
18:53 of 2nd period - Brayden Point wins face-off versus Jean-Gabriel Pageau in Pittsburgh Penguins zone.
19:04 of 2nd period - Wrist shot by Patrick Kane.
19:04 of 2nd period - Shot Blocked by Erik Karlsson.
19:06 of 2nd period - Wrist shot by Patrick Kane.
19:06 of 2nd period - Stopped by Mike Smith without a rebound.
19:07 of 2nd period - Mitch Marner wins face-off versus Brayden Point in Pittsburgh Penguins zone.
19:11 of 2nd period - Off-side.
19:12 of 2nd period - Leon Draisaitl wins face-off versus Brayden Point in neutral zone.
19:41 of 2nd period - Snap shot by Reilly Smith.
19:41 of 2nd period - Shot Blocked by Patrick Kane.
19:43 of 2nd period - Snap shot by Blake Coleman.
19:43 of 2nd period - Stopped by Vitek Vanecek with a rebound.
19:45 of 2nd period - Slapshot by Ryan Johansen.
19:45 of 2nd period - Goal by Ryan Johansen - Washington Capitals : 5 - Pittsburgh Penguins : 1.
19:46 of 2nd period - Nico Hischier wins face-off versus Mitch Marner in neutral zone.
19:59 of 2nd period - Slapshot by Jason Robertson.
19:59 of 2nd period - Stopped by Mike Smith without a rebound.
Goals for this period are 3 for Washington Capitals vs 1 for Pittsburgh Penguins.
Shots for this period are 17 for Washington Capitals vs 12 for Pittsburgh Penguins.
3rd period
0:01 of 3rd period - Leon Draisaitl wins face-off versus Brayden Point in neutral zone.
0:06 of 3rd period - Slapshot by Mitch Marner.
0:06 of 3rd period - Shot Misses the Net.
0:08 of 3rd period - Wrist shot by Mitch Marner.
0:08 of 3rd period - Stopped by Vitek Vanecek without a rebound.
0:09 of 3rd period - Leon Draisaitl wins face-off versus Brayden Point in Washington Capitals zone.
0:12 of 3rd period - Wrist shot by Mitch Marner.
0:12 of 3rd period - Stopped by Vitek Vanecek with a rebound.
0:14 of 3rd period - Wrist shot by Leon Draisaitl.
0:14 of 3rd period - Stopped by Vitek Vanecek with a rebound.
0:16 of 3rd period - Snap shot by Leon Draisaitl.
0:16 of 3rd period - Shot Misses the Net.
0:18 of 3rd period - Slapshot by Mattias Ekholm.
0:18 of 3rd period - Stopped by Vitek Vanecek without a rebound.
0:19 of 3rd period - Brayden Point wins face-off versus Leon Draisaitl in Washington Capitals zone.
0:23 of 3rd period - Off-side.
0:24 of 3rd period - Leon Draisaitl wins face-off versus Brayden Point in neutral zone.
0:53 of 3rd period - Mattias Ekholm is hit by Erik Cernak and loses puck.
1:02 of 3rd period - Wrist shot by Brayden Point.
1:02 of 3rd period - Stopped by Mike Smith without a rebound.
1:03 of 3rd period - Nico Hischier wins face-off versus Jean-Gabriel Pageau in Pittsburgh Penguins zone.
1:30 of 3rd period - Pavel Buchnevich is hit by Fabian Zetterlund and loses puck.
2:07 of 3rd period - Wrist shot by Pavel Buchnevich.
2:07 of 3rd period - Stopped by Vitek Vanecek without a rebound.
2:08 of 3rd period - Brayden Point wins face-off versus Leon Draisaitl in Washington Capitals zone.
2:13 of 3rd period - Snap shot by Patrick Kane.
2:13 of 3rd period - Shot Misses the Net.
2:21 of 3rd period - Backhand shot by Patrick Kane.
2:21 of 3rd period - Stopped by Mike Smith with a rebound.
2:46 of 3rd period - Snap shot by Jason Robertson.
2:46 of 3rd period - Goal by Jason Robertson - Washington Capitals : 6 - Pittsburgh Penguins : 1.
2:47 of 3rd period - Leon Draisaitl wins face-off versus Brayden Point in neutral zone.
3:04 of 3rd period - Wrist shot by Patrick Kane.
3:04 of 3rd period - Stopped by Mike Smith without a rebound.
3:05 of 3rd period - Nico Hischier wins face-off versus Jean-Gabriel Pageau in Pittsburgh Penguins zone.
3:10 of 3rd period - Snap shot by Brad Marchand.
3:10 of 3rd period - Stopped by Mike Smith without a rebound.
3:11 of 3rd period - Nico Hischier wins face-off versus Jean-Gabriel Pageau in Pittsburgh Penguins zone.
4:12 of 3rd period - Slapshot by John Carlson.
4:12 of 3rd period - Stopped by Mike Smith without a rebound.
4:13 of 3rd period - Leon Draisaitl wins face-off versus Nico Hischier in Pittsburgh Penguins zone.
4:26 of 3rd period - Slapshot by Nico Hischier.
4:26 of 3rd period - Stopped by Mike Smith with a rebound.
4:28 of 3rd period - Wrist shot by Jason Robertson.
4:28 of 3rd period - Deflect By Brad Marchand.
4:28 of 3rd period - Stopped by Mike Smith with a rebound.
4:30 of 3rd period - Wrist shot by Brad Marchand.
4:30 of 3rd period - Shot Blocked by Ryan Suter.
5:12 of 3rd period - Slapshot by Anton Stralman.
5:12 of 3rd period - Shot Misses the Net.
5:14 of 3rd period - Snap shot by Reilly Smith.
5:14 of 3rd period - Stopped by Vitek Vanecek with a rebound.
5:28 of 3rd period - Snap shot by Erik Karlsson.
5:28 of 3rd period - Stopped by Vitek Vanecek with a rebound.
6:32 of 3rd period - Snap shot by Nico Hischier.
6:32 of 3rd period - Stopped by Mike Smith with a rebound.
6:34 of 3rd period - Wrist shot by Nico Hischier.
6:34 of 3rd period - Stopped by Mike Smith with a rebound.
6:36 of 3rd period - Snap shot by Nico Hischier.
6:36 of 3rd period - Stopped by Mike Smith with a rebound.
6:38 of 3rd period - Snap shot by Brad Marchand.
6:38 of 3rd period - Stopped by Mike Smith without a rebound.
6:39 of 3rd period - Brayden Point wins face-off versus Leon Draisaitl in Pittsburgh Penguins zone.
7:06 of 3rd period - Dylan DeMelo is hit by Jean-Gabriel Pageau and loses puck.
7:33 of 3rd period - Snap shot by Jordan Kyrou.
7:33 of 3rd period - Stopped by Mike Smith without a rebound.
7:34 of 3rd period - Brayden Point wins face-off versus Ryan Johansen in Pittsburgh Penguins zone.
7:47 of 3rd period - Snap shot by Brayden Point.
7:47 of 3rd period - Stopped by Mike Smith without a rebound.
7:48 of 3rd period - Brayden Point wins face-off versus Leon Draisaitl in Pittsburgh Penguins zone.
8:15 of 3rd period - Brad Marchand is hit by Blake Coleman and loses puck.
8:49 of 3rd period - Snap shot by Jordan Kyrou.
8:49 of 3rd period - Deflect By Drake Batherson.
8:49 of 3rd period - Stopped by Mike Smith without a rebound.
8:50 of 3rd period - Leon Draisaitl wins face-off versus Brayden Point in Pittsburgh Penguins zone.
8:50 of 3rd period - Leon Draisaitl is hit by John Carlson.
10:00 of 3rd period - Erik Karlsson is hit by Alex Ovechkin and loses puck.
10:28 of 3rd period - Minor Penalty to Ian Cole for Interference.
10:29 of 3rd period - Barrett Hayton wins face-off versus Leon Draisaitl in Washington Capitals zone.
12:28 of 3rd period - Penalty to Ian Cole is over, Ian Cole is back on ice.
12:50 of 3rd period - Ian Cole is hit by Colton Sissons and loses puck.
13:09 of 3rd period - Snap shot by Jean-Gabriel Pageau.
13:09 of 3rd period - Stopped by Vitek Vanecek with a rebound.
13:35 of 3rd period - Erik Gudbranson is hit by Barrett Hayton and loses puck.
14:03 of 3rd period - Wrist shot by Jason Robertson.
14:03 of 3rd period - Stopped by Mike Smith without a rebound.
14:04 of 3rd period - Sam Reinhart wins face-off versus Nico Hischier in Pittsburgh Penguins zone.
14:48 of 3rd period - Snap shot by Colton Sissons.
14:48 of 3rd period - Stopped by Vitek Vanecek without a rebound.
14:49 of 3rd period - Nico Hischier wins face-off versus Jordan Eberle in Washington Capitals zone.
15:16 of 3rd period - Wrist shot by Fabian Zetterlund.
15:16 of 3rd period - Goal by Fabian Zetterlund - Washington Capitals : 7 - Pittsburgh Penguins : 1.
15:17 of 3rd period - Brayden Point wins face-off versus Leon Draisaitl in neutral zone.
15:26 of 3rd period - Backhand shot by Alex Ovechkin.
15:26 of 3rd period - Stopped by Mike Smith without a rebound.
15:27 of 3rd period - Leon Draisaitl wins face-off versus Brayden Point in Pittsburgh Penguins zone.
15:57 of 3rd period - Snap shot by Brayden Point.
15:57 of 3rd period - Shot Blocked by Erik Karlsson.
16:07 of 3rd period - Wrist shot by Patrick Kane.
16:07 of 3rd period - Shot Blocked by Sam Reinhart.
16:09 of 3rd period - Snap shot by Alex Ovechkin.
16:09 of 3rd period - Goal by Alex Ovechkin - Washington Capitals : 8 - Pittsburgh Penguins : 1.
16:10 of 3rd period - Jean-Gabriel Pageau wins face-off versus Nico Hischier in neutral zone.
16:21 of 3rd period - Slapshot by Jeff Carter.
16:21 of 3rd period - Stopped by Vitek Vanecek without a rebound.
16:22 of 3rd period - Leon Draisaitl wins face-off versus Brayden Point in Washington Capitals zone.
16:49 of 3rd period - Mitch Marner is hit by Drake Batherson and loses puck.
18:04 of 3rd period - Jordan Eberle is hit by John Carlson.
18:22 of 3rd period - Backhand shot by Pavel Buchnevich.
18:22 of 3rd period - Stopped by Vitek Vanecek without a rebound.
18:23 of 3rd period - Jean-Gabriel Pageau wins face-off versus Barrett Hayton in Washington Capitals zone.
18:36 of 3rd period - Wrist shot by Pavel Buchnevich.
18:36 of 3rd period - Stopped by Vitek Vanecek without a rebound.
18:37 of 3rd period - Leon Draisaitl wins face-off versus Alex Ovechkin in Washington Capitals zone.
18:42 of 3rd period - Backhand shot by Mitch Marner.
18:42 of 3rd period - Deflect By Sam Reinhart.
18:42 of 3rd period - Shot Blocked by Brayden Point.
18:42 of 3rd period - Puck is out of play.
18:43 of 3rd period - Leon Draisaitl wins face-off versus Brayden Point in Washington Capitals zone.
19:10 of 3rd period - Icing by Brad Marchand.
19:11 of 3rd period - Nico Hischier wins face-off versus Jean-Gabriel Pageau in Washington Capitals zone.
19:11 of 3rd period - Nico Hischier is hit by Ryan Suter.
19:23 of 3rd period - Wrist shot by Brad Marchand.
19:23 of 3rd period - Shot Misses the Net.
19:25 of 3rd period - Snap shot by Brad Marchand.
19:25 of 3rd period - Shot Blocked by Ryan Suter.
19:27 of 3rd period - Slapshot by Brad Marchand.
19:27 of 3rd period - Stopped by Mike Smith with a rebound.
Goals for this period are 3 for Washington Capitals vs 0 for Pittsburgh Penguins.
Shots for this period are 20 for Washington Capitals vs 12 for Pittsburgh Penguins.
Back to the Top